 Dungeon Crawl Stone Soup version 0.30-a0-711-gf4ac18a38d (webtiles) character file.

Game seed: 2790009187521377557

37 wormed the Firebug (level 3, -6/25 HPs)
             Began as a Demonspawn Fire Elementalist on Jan 22, 2023.
             Killed by nerve-wracking pain
             ... invoked by Jessica
              (14 damage)
             ... on level 2 of the Dungeon.
             The game lasted 00:02:17 (957 turns).

wormed the Firebug (Demonspawn Fire Elementalist)    Turns: 957, Time: 00:02:18

Health: -6/25      AC:  3    Str:  8    XL:     3   Next: 23%
Magic:  1/6        EV: 12    Int: 18    God:
Gold:   61         SH:  0    Dex: 13    Spells: 5/6 levels left

rFire   . . .      SeeInvis +    c - +0 dagger
rCold   . . .      Faith    .    (no shield)
rNeg    . . .      Spirit   .    a - +0 robe
rPois   .          Reflect  .    (helmet restricted)
rElec   .          Harm     .    k - +0 cloak
rCorr   .          Rampage  .    (no gloves)
Will    .....                    (no boots)
Stlth   ++                       (no amulet)
HPRegen 0.24/turn                g - ring of see invisible
MPRegen 0.10/turn                i - ring of wizardry

@: lethally poisoned (-6 -> -11)
A: antennae 2
a: no special abilities


You were on level 2 of the Dungeon.
You visited 1 branch of the dungeon, and saw 2 of its levels.

You collected 61 gold pieces.

Inventory:

Hand Weapons
 c - a +0 dagger (weapon)
Armour
 a - a +0 robe (worn)
 k - a +0 cloak (worn)
Jewellery
 g - a ring of see invisible (left hand)
 i - a ring of wizardry (right hand)
Scrolls
 d - a scroll of teleportation {unknown}
 e - a scroll of enchant weapon {unknown}
 h - a scroll of immolation {unknown}
 l - a scroll of fog {unknown}
 m - a scroll of magic mapping {unknown}
Potions
 b - a potion of magic
 f - 2 potions of attraction {unknown}
 j - a potion of heal wounds {unknown}


   Skills:
 + Level 0.9 Fighting
 + Level 2.1 Dodging
 + Level 2.2 Stealth
 + Level 2.3 Spellcasting
 + Level 1.4 Conjurations
 + Level 2.9 Fire Magic


You had 5 spell levels left.
You knew the following spells:

 Your Spells              Type           Power      Damage    Failure   Level
a - Foxfire               Conj/Fire      40%        2x1d6     2%          1

Your spell library contained the following spells:

 Spells                   Type           Power      Damage    Failure   Level
 Scorch                   Fire           24%        2d6       3%          2
 Ensorcelled Hibernation  Hex/Ice        4%         N/A       11%         2
 Passwall                 Tmut/Erth      1%         N/A       11%         2
 Inner Flame              Hex/Fire       7%         N/A       12%         3
 Kindle Blastsparks       Fire/Tloc/Air  10%        2d10      14%         3
 Swiftness                Air            2%         N/A       21%         3
 Flame Wave               Conj/Fire      10%        2d6       26%         4


Dungeon Overview and Level Annotations

Branches:
Dungeon (2/15)

Altars:

Annotations:
D:2 Jessica


Innate Abilities, Weirdness & Mutations

You have a pair of antennae on your head.


Message History

There is a stone staircase leading up here.
You climb upwards.
There is a stone staircase leading down here.
HP restored.
There is an open door here.
You see here a +0 short sword.
There is a stone staircase leading down here.
You climb downwards.
Found 15 gold pieces.
There is a stone staircase leading up here.
Jessica is nearby!
Casting: Foxfire (safe; 2% risk of failure)
Confirm with . or Enter, or press ? or * to list all spells.
You conjure some foxfire!
Jessica hits you with a +4 dagger of venom!
You are poisoned.
Casting: Foxfire (safe; 2% risk of failure)
Confirm with . or Enter, or press ? or * to list all spells.
You don't know that spell.
You feel very sick.
The foxfire hits Jessica but does no damage.
The foxfire hits Jessica.
Jessica is lightly wounded.
Casting: Foxfire (safe; 2% risk of failure)
Confirm with . or Enter, or press ? or * to list all spells.
You conjure some foxfire!
You feel very sick.
You hear a zap.
You hear a grinding noise.
Jessica barely misses you.
You feel sick.
The foxfire hits Jessica.
Jessica is moderately wounded.
The foxfire hits Jessica.
Jessica is heavily wounded.
Casting: Foxfire (safe; 2% risk of failure)
Confirm with . or Enter, or press ? or * to list all spells.
You conjure some foxfire!
You feel sick.
Jessica points at you and mumbles some strange words.
Pain shoots through your body!
Ouch! That really hurt!
You die...

#############
.......@v$..###
######.@v......
#......<.......
#.####.....####
#.....# ###.###
.# .# ..


You could see Jessica (ally target).

Vanquished Creatures
  2 dart slugs (D:1)
  4 ball pythons (D:1)
  An endoplasm (D:1)
  2 giant cockroaches (D:1)
  3 goblins
  4 hobgoblins (D:1)
  4 jackals
  4 bats
  2 frilled lizards (D:1)
  3 kobolds (D:1)
  3 rats
32 creatures vanquished.

Vanquished Creatures (others)
  67 foxfires
67 creatures vanquished.

Grand Total: 99 creatures vanquished

Notes
Turn   | Place    | Note
-------+----------+-------------------------------------------
     0 | D:1      | wormed the Demonspawn Fire Elementalist began the quest for
                  | the Orb.
     0 | D:1      | Reached XP level 1. HP: 13/13 MP: 3/3
   326 | D:1      | Gained mutation: You have a pair of small antennae on your
                  | head. [demonic ancestry]
   326 | D:1      | Reached XP level 2. HP: 20/20 MP: 1/5
   744 | D:1      | Found a faded altar of an unknown god.
   748 | D:1      | Gained mutation: You have a pair of antennae on your head.
                  | [demonic ancestry]
   748 | D:1      | Reached XP level 3. HP: 24/25 MP: 4/6
   952 | D:2      | Noticed Jessica
   957 | D:2      | Killed from afar by Jessica

Illustrated notes

Levels and vault maps discovered:
D:1:      minmay_arrival_jagged, layout_basic,
          shapermc_ecumenical_altar_notcrosses, columned_hall_lemuel
D:2:      layout_loops_ring, uniq_robin, uniq_jessica, uniq_crazy_yiuf_cottage

Skill      XL: |  1  2 |
---------------+-------+-----
Stealth        | 2 |  2.2
Dodging        | 2 |  2.1
Fighting       | |  0.9
Spellcasting   | |  2.3
Conjurations   | |  1.4
Fire Magic     | |  2.9

Action                     || total
---------------------------++-------
  Melee: Unarmed           ||    11
         Dagger            ||    28
   Cast: Foxfire           ||    41
   Stab: Sleeping          ||     2
 Armour: Robe              ||    11
  Dodge: Dodged            ||    58

Table legend: (Time is in decaauts)
 A = Elapsed time spent in this place.
 B = Non-inter-level travel time spent in this place.
 C = Inter-level travel time spent in this place.
 D = Time resting spent in this place.
 E = Time spent auto-exploring this place.
 F = Levels seen in this place.
 G = Mean time per level.
                   A        B        C        D        E       F      G
               +--------+--------+--------+--------+--------+-----+--------+
         Total |    955 |    923 |     32 |      0 |    635 |   2 |  477.5 |
       Dungeon |    955 |    923 |     32 |      0 |    635 |   2 |  477.5 |
               +--------+--------+--------+--------+--------+-----+--------+

Top non-repeatable levels by time:
     D:1: 907 daAuts
     D:2: 48 daAuts
